 Dungeon Crawl Stone Soup version 0.27-a0-819-g058290f16d (webtiles) character file.

Game seed: 11317134678332876323

166540 robertstho the Sorcerer (level 17, 0/121 HPs)
             Began as a Djinni Ice Elementalist on Mar 26, 2021.
             Was an Initiate of Gozag.
             Slain by a tarantella (9 damage)
             ... on level 4 of the Spider Nest on Mar 29, 2021.
             The game lasted 01:32:38 (29017 turns).

robertstho the Sorcerer (Djinni Ice Elementalist)  Turns: 29017, Time: 01:32:39

Health: 0/121      AC: 22    Str: 10      XL:     17   Next: 60%
Gold:   3291       EV: 15    Int: 28      God:    Gozag SH:  0 Dex: 14 (15)

rFire    + + .     SeeInvis .   C - +3 demon trident (elec)
rCold    x . .     Faith    .   (no shield)
rNeg     . . .     Spirit   .   k - +2 robe {Archmagi}
rPois    ∞         Reflect  .   t - +3 hat of Pondering {ponderous, Will+ MP+10 Int+5}
rElec    .         Harm     .   M - scarf {repulsion}
rCorr    .         Rampage  .   f - +2 pair of gloves {Str+3}
Will     ++...                  (boots unavailable)
Stlth    +.........             u - amulet of regeneration
HPRegen  1.30/turn              X - ring of the Tortoise {AC+8}
MPRegen  0.00/turn              y - +4 ring of protection

@: confused, gold aura, flying, studying Shields, repel missiles, slow
A: fire resistance 2, cold vulnerability 1, float, innate caster, hp casting,
extra vitality 1
}: 1/15 runes: decaying
a: Renounce Religion, Potion Petition, Call Merchant, Bribe Branch


You were on level 4 of the Spider Nest.
You worshipped Gozag.
Gozag was most pleased with you.
You visited 6 branches of the dungeon, and saw 28 of its levels.
You also visited: Ice Cave.

You collected 9337 gold pieces.
You spent 4322 gold pieces at shops.
You paid 1724 gold pieces to Gozag.

Inventory:

Hand Weapons
 C - a +3 demon trident of electrocution (weapon)
Armour
 f - a +2 pair of gloves of strength (worn)
 k - a +2 robe of the Archmagi (worn)
 t - the +3 hat of Pondering (worn) {ponderous, Will+ MP+10 Int+5}
   (You found it in an ice cave)

   It affects your intelligence (+5).
   It affects your magic capacity (+10).
   It increases your willpower.
 I - a +1 robe of fire resistance
 M - a scarf of repulsion (worn)
Jewellery
 a - a ring of protection from cold
 d - a ring of resist corrosion
 m - a ring of protection from cold
 u - an amulet of regeneration (around neck)
 y - a +4 ring of protection (right hand)
 S - the ring of Amorality {Fire *Corrode rN+ Str+2 Int+7}
   (You found it on level 4 of the Lair of Beasts)

   [ring of fire]

   It enhances your fire magic.
   It affects your strength (+2).
   It affects your intelligence (+7).
   It protects you from fire.
   It makes you vulnerable to cold.
   It protects you from negative energy.
   It may corrode you when you take damage.
 X - the ring of the Tortoise (left hand) {AC+8}
   (You bought it in a shop on level 4 of the Lair of Beasts)

   [ring of protection]

   It affects your AC (+8).
Wands
 r - a wand of mindburst (56)
 w - a wand of iceblast (26)
 Q - a wand of digging (6)
 U - a wand of acid (18)
Scrolls
 b - 14 scrolls of identify
 h - 3 scrolls of blinking
 i - a scroll of silence
 l - a scroll of summoning
 p - 3 scrolls of immolation
 s - 5 scrolls of magic mapping
 v - a scroll of holy word
 x - 7 scrolls of fear
 G - 6 scrolls of enchant armour
 K - 12 scrolls of teleportation
 L - 3 scrolls of fog
Potions
 c - 2 potions of berserk rage
 g - 13 potions of curing
 n - 5 potions of haste
 z - 2 potions of mutation
 B - 3 potions of cancellation
 D - 8 potions of resistance
 H - 2 potions of ambrosia
 J - 5 potions of brilliance
 N - 3 potions of might
Miscellaneous
 e - a condenser vane
 A - a tin of tremorstones (2/2)
 T - a lightning rod (4/4)


   Skills:
 * Level 11.3 Fighting
 + Level 3.2 Short Blades
 + Level 4.6 Maces & Flails
 + Level 4.3 Polearms
 + Level 7.4 Dodging
 - Level 1.5 Stealth
 * Level 21.2 Spellcasting


You had 12 spell levels left.
You knew the following spells:

 Your Spells              Type           Power      Damage    Failure   Level
a - Freeze                Ice            100%       1d11      0%          1
b - Frozen Ramparts       Ice            100%       1d12      0%          3
c - Ozocubu's Armour      Ice            100%       N/A       0%          3
d - Hailstorm             Conj/Ice       100%       3d20      0%          4
e - Summon Ice Beast      Ice/Summ       100%       N/A       0%          4
f - Foxfire               Conj/Fire      100%       2x1d9     0%          1
g - Corpse Rot            Necr/Air       N/A        N/A       0%          2
h - Stone Arrow           Conj/Erth      100%       3d13      0%          3
i - Spider Form           Tmut/Pois      61%        N/A       0%          3
j - Lee's Rapid Deconstr  Erth           61%        3d29*     0%          5
k - Agony                 Necr           100%       N/A       0%          5
l - Death Channel         Necr           61%        N/A       1%          6
m - Eringya's Noxious Bo  Tmut/Pois      61%        N/A       1%          6
Your spell library was empty.

Dungeon Overview and Level Annotations

Branches:
Dungeon (11/15)            Temple (1/1) D:6            Lair (6/6) D:10
  Swamp (4/4) Lair:4       Spider (4/4) Lair:4        Slime (0/5) Lair:5
    Orc (2/2) D:9             Elf (0/3) Orc:2         IceCv (visited)

Altars:
Ashenzari
Cheibriados
Dithmenos
Elyvilon
Fedhas
Gozag
Hepliaklqana
Kikubaaqudgha
Makhleb
Nemelex Xobeh
Okawaru
Qazlal
Ru
Sif Muna
Trog
Uskayaw
Vehumet
Wu Jian
Xom
Yredelemnul
Zin
The Shining One
Beogh

Shops:
D:7 *   D:10 !   Orc:2 =(?[   Lair:4 =[

Annotations:
D:4 1 runed translucent door, Crazy Yiuf
D:6 2 transporters, spiderkeys's ghost, novice MiBe
D:7 2 runed translucent doors
Lair:1 2 transporters, noodleboyJ's ghost, novice DrCK
Lair:4 robertstho's ghost, journeyman MiHu
Lair:5 exclusion: 4 oklob plants
Swamp:3 Xujuvoli's ghost, adept MiBe


Innate Abilities, Weirdness & Mutations

You are immune to poison.
Your flesh is very heat resistant. (rF++)
You are vulnerable to cold. (rC-)
You float through the air rather than walking.
You learn spells naturally, not from books.
Your magical power is your life essence.
You have superior vitality. (+4 HP)


Message History

Your ice beast dies!
Unknown command.
Casting: Lee's Rapid Deconstruction (safe; 0% risk of failure)
Confirm with . or Enter, or press ? or * to list all spells.
Aiming: Lee's Rapid Deconstruction (safe; 0% risk of failure)
Press: ? - help, Dir - move target A stone wall.
You feel a surge of power!
The wall shatters!
The blast of rock fragments hits something!
The blast of rock fragments hits the emperor scorpion!!!
The emperor scorpion is moderately wounded.
* * * LOW HITPOINT WARNING * * *
As you read the scroll of teleportation, it crumbles to dust.
You feel strangely unstable.
A tarantella comes into view.
The emperor scorpion stings you!!
* * * LOW HITPOINT WARNING * * *
The emperor scorpion claws you but does no damage. x2
The tarantella hisses angrily.
A tarantella comes into view.
You feel you are being watched by something.
The tarantella bites you but does no damage.
The tarantella barely misses you.
Your surroundings suddenly seem different.
You pick your way through the web.
There is a web here.
The tarantella bites you!
* * * LOW HITPOINT WARNING * * *
The tarantella barely misses you. The tarantella bites you.
* * * LOW HITPOINT WARNING * * *
You are confused.
The tarantella bites you!
* * * LOW HITPOINT WARNING * * *
You closely miss the tarantella. The tarantella misses you.
The tarantella bites you but does no damage. x3
You bump into the rock wall.
The tarantella barely misses you. The tarantella bites you!
You die...
Your body crumbles into a pile of gold.

......#...........#......#
..##.###..#......#####...#
..###...#..#......###...##
..###.............^#..###
...^.....^......^.....#
....<..............#^##
........^......^....##
......#^.....#.#..###
#............##.@##
.....^.........ss#
.................## #####
).................###.^.#
.............#..........#
........................##
.........................### ##
.........###.......^...≈...####.≈
........####......≈...#....#≈≈≈..


You could see 2 tarantellas.

Vanquished Creatures
  Kirke (Spider:3)
  2 thorn hunters
  A fenstrider witch (Swamp:4)
  An orc warlord (Orc:2)
  An emperor scorpion (Spider:3)
  2 ghost moths
  An entropy weaver (Spider:1)
  A dire elephant (Lair:6)
  4 bunyips
  A spark wasp (Spider:3)
  2 eleionomae
  2 spectral fenstrider witches (Swamp:3)
  A shambling mangrove (Swamp:2)
  15 hydras
  2 ghost crabs (Swamp:4)
  A catoblepas (Lair:6)
  6 alligators
  4 two-headed ogres
  10 death yaks
  2 orc high priests (Orc:2)
  A spriggan berserker (Swamp:2)
  Urug (D:10)
  Nergalle (D:10)
  A deep elf knight (Swamp:2)
  3 spectral spriggans (Swamp:3)
  2 goliath frogs
  9 swamp dragons
  8 spriggan druids
  A necromancer (IceCv)
  3 orc knights (Orc:2)
  8 orb spiders
  6 orc sorcerers (Orc:2)
  10 wolf spiders
  A manticore (D:7)
  7 will-o-the-wisps
  A cyclops (D:7)
  Maurice (D:8)
  Joseph (Lair:1)
  2 ice statues (IceCv)
  5 elephants (Lair:6)
  7 cane toads
  Psyche (D:11)
  2 unseen horrors
  3 gargoyles (D:7)
  A rime drake (Lair:1)
  2 spectral death drakes (Swamp:3)
  A kobold demonologist (D:7)
  4 komodo dragons
  7 demonic crawlers
  5 ice devils (IceCv)
  11 jumping spiders
  13 hornets
  Grinder (D:4)
  4 tyrant leeches
  8 blink frogs
  2 dream sheep (Lair:6)
  A wraith (D:7)
  10 tarantellas
  29 yaks
  20 spriggans
  19 redbacks
  2 hogs (Spider:3)
  A vampire (D:7)
  2 basilisks
  A steam dragon (D:9)
  5 vampire mosquitoes
  A death yak simulacrum (Lair:4)
  2 humans (Spider:3)
  2 spriggan simulacra (Swamp:3)
  A warg (Orc:2)
  3 water moccasins
  An acid dragon (D:7)
  13 swamp worms
  4 swamp drakes
  31 orc warriors
  A sky beast (D:7)
  An ice beast (D:6)
  4 black bears
  A necrophage (D:5)
  A boggart (Lair:5)
  23 wolves
  8 ogres
  3 centaurs
  7 bullfrogs
  3 kobold brigands
  2 scorpions
  7 killer bees
  3 electric eels
  3 howler monkeys
  3 centaur zombies
  4 draconian simulacra (IceCv)
  5 hounds
  A jelly (Lair:5)
  2 bullfrog skeletons
  2 gnoll shamans (D:6)
  24 orc priests
  An iguana (D:6)
  12 orc wizards
  4 hell rats (Lair:2)
  3 troll simulacra (IceCv)
  A centaur simulacrum (IceCv)
  A hound skeleton (D:5)
  A howler monkey zombie (D:8)
  17 gnolls
  2 adders
  2 naga simulacra (IceCv)
  A white imp (D:7)
  2 adder zombies (D:3)
  2 worms (D:2)
  A dart slug (D:4)
  66 orcs
  9 ball pythons
  4 bats
  A bat skeleton (D:5)
  A bat zombie (D:5)
  8 endoplasms
  2 giant cockroaches
  12 goblins
  2 hobgoblins
  8 jackals
  20 kobolds
  4 quokkas
  A frilled lizard (D:1)
  2 quokka zombies (D:3)
  6 rats
656 creatures vanquished.

Vanquished Creatures (collateral kills)
  the Lernaean hydra (Swamp:4)
  An entropy weaver (Spider:1)
  Azrael (Spider:1)
  4 eleionomae
  9 hydras
  3 alligators
  A deep troll shaman (Lair:6)
  2 death yaks (Lair:3)
  2 two-headed ogres (Orc:2)
  2 orc high priests (Orc:2)
  A spriggan druid (Swamp:1)
  2 swamp dragons (Swamp:4)
  2 bog bodies (Swamp:2)
  7 orb spiders
  An ugly thing (D:10)
  17 wolf spiders
  A moth of wrath (Spider:4)
  A cyclops (D:11)
  5 cane toads
  A torpor snail (Lair:3)
  3 black mambas
  Maggie (D:10)
  2 rime drakes (Lair:4)
  3 komodo dragons
  A demonic crawler (Spider:3)
  2 trolls
  13 jumping spiders
  A bloated husk (Swamp:3)
  9 hornets
  3 polar bears
  5 tyrant leeches
  5 blink frogs (Lair:5)
  2 slime creatures (Lair:5)
  A meliai zombie (D:10)
  3 dream sheep (Lair:6)
  22 redbacks
  6 spriggans
  3 wyverns
  A wraith (D:10)
  8 tarantellas (Spider:1)
  10 yaks
  2 basilisks
  4 vampire mosquitoes
  Grum (D:8)
  2 fire elementals (Spider:1)
  6 hell hounds (Spider:1)
  5 swamp worms
  A hydra simulacrum (Lair:4)
  7 water moccasins
  2 acid dragons
  4 swamp drakes
  An ice beast (D:5)
  6 orc warriors (Orc:2)
  3 black bears
  3 boggarts (Lair:5)
  7 ogres
  3 centaurs
  9 wolves
  2 kobold brigands
  4 bullfrogs
  A cane toad simulacrum (Lair:4)
  A water moccasin zombie (D:6)
  A blink frog simulacrum (Lair:4)
  2 scorpions (D:7)
  A killer bee (D:9)
  2 vampire bats (D:5)
  A wight (D:5)
  An electric eel (Lair:5)
  A howler monkey (D:6)
  2 hounds
  A gnoll shaman (D:9)
  A jelly (Lair:5)
  2 orc priests (Orc:2)
  3 hell rats (Lair:2)
  2 orc wizards
  A polar bear simulacrum (Lair:4)
  A killer bee zombie (D:8)
  2 adders
  3 gnolls
  A white imp (D:7)
  26 orcs
  2 bat skeletons (D:5)
  A hobgoblin (D:4)
  4 kobolds (D:10)
303 creatures vanquished.

Vanquished Creatures (others)
  A human (Spider:3)
  25 foxfires
  54 fungi
  54 plants
134 creatures vanquished.

Grand Total: 1093 creatures vanquished

Notes
Turn   | Place    | Note
-------+----------+-------------------------------------------
     0 | D:1      | robertstho the Djinni Ice Elementalist began the quest for
                  | the Orb.
     0 | D:1      | Reached XP level 1. HP: 15/15 MP: 0/0
   377 | D:1      | Reached XP level 2. HP: 12/21 MP: 0/0
   378 | D:1      | Reached skill level 4 in Spellcasting
   739 | D:1      | Found a sparkling altar of Nemelex Xobeh.
   967 | D:1      | Reached XP level 3. HP: 24/25 MP: 0/0
   967 | D:1      | Learned a level 1 spell: Foxfire
  2241 | D:2      | Reached XP level 4. HP: 12/31 MP: 0/0
  2523 | D:2      | Found a white marble altar of Elyvilon.
  2701 | D:2      | Identified a scroll of acquirement
  2701 | D:2      | Acquired a +2 pair of gloves of strength
  2856 | D:3      | Found a basalt altar of Yredelemnul.
  2992 | D:3      | Reached skill level 1 in Fighting
  2992 | D:3      | Reached skill level 1 in Short Blades
  2992 | D:3      | Reached skill level 5 in Spellcasting
  2992 | D:3      | Reached XP level 5. HP: 10/37 MP: 0/0
  2992 | D:3      | Learned a level 2 spell: Corpse Rot
  3214 | D:3      | Found a shimmering altar of Xom.
  3752 | D:4      | Noticed Grinder
  3758 | D:4      | Reached XP level 6. HP: 40/42 MP: 0/0
  3772 | D:4      | Paralysed by Grinder for 2 turns
  3789 | D:4      | Killed Grinder
  3790 | D:4      | Reached XP level 7. HP: 17/49 MP: 0/0
  3790 | D:4      | Learned a level 3 spell: Stone Arrow
  4029 | D:4      | Reached skill level 6 in Spellcasting
  4472 | D:4      | Identified the +7 flail of Doubt {chaos, rPois rN+ Str-4
                  | Int+3}
  4523 | D:4      | Found an iron altar of Okawaru.
  4651 | D:4      | Found a runed translucent door.
  4652 | D:4      | Noticed Crazy Yiuf
  5009 | D:5      | Entered Level 5 of the Dungeon
  5500 | D:5      | Reached XP level 8. HP: 47/56 MP: 0/0
  5678 | D:5      | Reached skill level 7 in Spellcasting
  5952 | D:5      | Found a hide-covered altar of Uskayaw.
  5959 | D:5      | Reached skill level 1 in Maces & Flails
  6488 | D:5      | Noticed a yak
  6491 | D:5      | Noticed a yak
  6492 | D:5      | Noticed a yak
  6493 | D:5      | Killed a yak
  6493 | D:5      | Noticed a yak
  6499 | D:5      | Killed a yak
  6500 | D:5      | Reached skill level 8 in Spellcasting
  6505 | D:5      | Killed a yak
  6506 | D:5      | Reached XP level 9. HP: 30/62 MP: 0/0
  6506 | D:5      | Learned a level 3 spell: Spider Form
  7520 | D:6      | Found an ornate altar of the Wu Jian Council.
  7536 | D:6      | Found a transporter.
  7536 | D:6      | Noticed spiderkeys's ghost (novice MiBe)
  7639 | D:6      | Found an opulent altar of Gozag.
  7728 | D:6      | Found a transporter.
  7804 | D:6      | Found a staircase to the Ecumenical Temple.
  7889 | Temple   | Entered the Ecumenical Temple
  8006 | D:6      | Became a worshipper of Gozag Ym Sagoz the Greedy
  8063 | D:7      | Reached skill level 9 in Spellcasting
  8119 | D:7      | Found a runed translucent door.
  8277 | D:7      | Found a sparkling altar of Nemelex Xobeh.
  8292 | D:7      | Found a hazy altar of Hepliaklqana.
  8297 | D:7      | Found Kikk's Assorted Antiques.
  8300 | D:7      | Bought a scroll of identify for 60 gold pieces
  8300 | D:7      | Bought a scroll labelled UJAINAA TUOXIEN for 30 gold pieces
  8300 | D:7      | Bought 2 cyan potions for 54 gold pieces
  8300 | D:7      | Bought a scroll of identify for 60 gold pieces
  8300 | D:7      | Bought a scroll labelled RAONAVULYGG for 30 gold pieces
  8363 | D:7      | Found a snail-covered altar of Cheibriados.
  8365 | D:7      | Found an opulent altar of Gozag.
  8564 | D:7      | Noticed a gargoyle
  8564 | D:7      | Noticed a gargoyle
  8571 | D:7      | Killed a gargoyle
  8802 | D:7      | Noticed a kobold demonologist
  8802 | D:7      | Noticed a four-headed hydra
  8807 | D:7      | Noticed a red devil
  8807 | D:7      | Killed an unseen horror
  8807 | D:7      | Killed a gargoyle
  8808 | D:7      | Reached skill level 10 in Spellcasting
  8808 | D:7      | Reached XP level 10. HP: 56/69 MP: 0/0
  8808 | D:7      | Killed a kobold demonologist
  8809 | D:7      | Reached skill level 5 in Fighting
  8811 | D:7      | Killed a four-headed hydra
  8827 | D:7      | Identified the Handbook of Clay and Snow
  8830 | D:7      | Identified the +7 hand crossbow "Sosexont" {venom, Int+4
                  | SInv}
  8853 | D:7      | Found a runed translucent door.
  8853 | D:7      | Noticed a manticore
  8853 | D:7      | Noticed a gargoyle
  8854 | D:7      | Found a runed translucent door.
  8854 | D:7      | Noticed a cyclops
  8963 | D:7      | Identified the +10 falchion of Prudence {vorpal, rElec}
  9094 | D:7      | Killed a gargoyle
  9098 | D:7      | Killed a manticore
  9099 | D:7      | Reached skill level 11 in Spellcasting
  9099 | D:7      | Killed a cyclops
  9293 | D:8      | Noticed Maurice
  9321 | D:8      | Killed Maurice
  9322 | D:8      | Reached XP level 11. HP: 68/76 MP: 0/0
  9322 | D:8      | Learned a level 5 spell: Lee's Rapid Deconstruction
  9410 | D:8      | Noticed Grum
  9420 | D:8      | Killed Grum
 10154 | D:9      | Found a staircase to the Orcish Mines.
 10237 | D:9      | Reached skill level 12 in Spellcasting
 10473 | D:9      | Found a flagged portal.
 10881 | D:9      | Found a burning altar of Makhleb.
 10886 | D:9      | Found a sacrificial altar of Ru.
 11190 | D:10     | Entered Level 10 of the Dungeon
 11190 | D:10     | Noticed Nergalle
 11196 | D:10     | Killed Nergalle
 11296 | D:10     | Noticed Urug
 11303 | D:10     | Killed Urug
 11369 | D:10     | Noticed a two-headed ogre
 11374 | D:10     | Killed a two-headed ogre
 11393 | D:10     | Found a staircase to the Lair.
 11415 | D:10     | Identified the +7 hand crossbow "Kameeq" {elec, Str+4}
 11453 | D:10     | Noticed Maggie
 11454 | D:10     | Noticed a cyan ugly thing
 11458 | D:10     | Killed Maggie
 11460 | D:10     | Killed a cyan ugly thing
 11609 | D:10     | Found Konog's Distillery.
 11613 | D:10     | Bought 2 potions of resistance for 340 gold pieces
 11613 | D:10     | Bought a potion of ambrosia for 136 gold pieces
 11613 | D:10     | Bought a potion of degeneration for 17 gold pieces
 11613 | D:10     | Bought 2 potions of brilliance for 136 gold pieces
 11613 | D:10     | Bought a potion of heal wounds for 85 gold pieces
 11613 | D:10     | Bought a potion of curing for 51 gold pieces
 11613 | D:10     | Bought a potion of curing for 51 gold pieces
 11727 | D:10     | Reached skill level 13 in Spellcasting
 12006 | Lair:1   | Entered Level 1 of the Lair of Beasts
 12006 | Lair:1   | Noticed a four-headed hydra
 12012 | Lair:1   | Killed a four-headed hydra
 12013 | Lair:1   | Reached skill level 5 in Dodging
 12226 | Lair:1   | Noticed noodleboyJ's ghost (novice DrCK)
 12233 | Lair:1   | Found a transporter.
 12235 | Lair:1   | Found a transporter.
 12257 | Lair:1   | Reached XP level 12. HP: 23/84 MP: 0/0
 12347 | Lair:1   | Noticed a five-headed hydra
 12352 | Lair:1   | Killed a five-headed hydra
 12531 | Lair:1   | Noticed Joseph
 12540 | Lair:1   | Killed Joseph
 13405 | Lair:2   | Reached skill level 14 in Spellcasting
 13615 | Lair:2   | Noticed a four-headed hydra
 13625 | Lair:2   | Killed a four-headed hydra
 14050 | Lair:3   | Noticed a death yak
 14052 | Lair:3   | Noticed a death yak
 14053 | Lair:3   | Noticed a death yak
 14054 | Lair:3   | Noticed a death yak
 14056 | Lair:3   | Noticed a death yak
 14058 | Lair:3   | Killed a death yak
 14059 | Lair:3   | Reached skill level 1 in Polearms
 14061 | Lair:3   | Killed a death yak
 14061 | Lair:3   | Killed a death yak
 14061 | Lair:3   | Noticed a death yak
 14064 | Lair:3   | Killed a death yak
 14064 | Lair:3   | Killed a death yak
 14089 | Lair:3   | Killed a death yak
 14369 | Lair:3   | Reached XP level 13. HP: 77/91 MP: 0/0
 14369 | Lair:3   | Learned a level 5 spell: Agony
 14560 | Lair:3   | Identified the +0 scale mail of Crawling {rF- rC++ Will-
                  | Dex+8}
 15025 | Lair:4   | Found a hole to the Spider Nest.
 15055 | Lair:4   | Reached skill level 15 in Spellcasting
 15090 | Lair:4   | Found a staircase to the Swamp.
 15115 | Lair:4   | Noticed robertstho's ghost (journeyman MiHu)
 15166 | Lair:4   | Upgraded the game from 0.27-a0-789-g6bb3289e1e to
                  | 0.27-a0-819-g058290f16d
 15358 | Lair:4   | Found a runed translucent gate.
 15359 | Lair:4   | Found a runed translucent gate.
 15361 | Lair:4   | Found a runed translucent gate.
 15817 | Lair:4   | Identified the ring of Amorality {Fire *Corrode rN+ Str+2
                  | Int+7}
 16067 | Lair:5   | Found a staircase to the Slime Pits.
 16425 | Lair:5   | You are sucked into a shaft and drop 1 floor!
 16425 | Lair:6   | Entered Level 6 of the Lair of Beasts
 16853 | Lair:6   | Reached skill level 16 in Spellcasting
 16955 | Lair:6   | Reached XP level 14. HP: 8/99 MP: 0/0
 17091 | Lair:6   | Noticed a dire elephant
 17100 | Lair:6   | Killed a dire elephant
 17802 | Orc:1    | Entered Level 1 of the Orcish Mines
 17949 | Orc:2    | Entered Level 2 of the Orcish Mines
 18435 | Orc:2    | Found a staircase to the Elven Halls.
 19059 | Orc:2    | Reached skill level 17 in Spellcasting
 19108 | Orc:2    | Found Qit Kagg's Jewellery Emporium.
 19143 | Orc:2    | Found Dopeirph's Weapon Shoppe.
 19463 | Orc:2    | Noticed an orc warlord
 19472 | Orc:2    | Killed an orc warlord
 19672 | Orc:2    | Found Qeugyil's Magic Scroll Emporium.
 19686 | Orc:2    | Bought a scroll of enchant weapon for 120 gold pieces
 19686 | Orc:2    | Bought a scroll of teleportation for 48 gold pieces
 19833 | Orc:2    | Found Nuecusmo's Antique Armour Boutique.
 19847 | Orc:2    | Bought a runed helmet for 247 gold pieces
 20107 | Swamp:1  | Entered Level 1 of the Swamp
 21394 | D:11     | Noticed Psyche
 21399 | D:11     | Killed Psyche
 21406 | D:11     | Reached XP level 15. HP: 75/106 MP: 0/0
 21406 | D:11     | Learned a level 6 spell: Death Channel
 21532 | D:11     | Found a hazy altar of Hepliaklqana.
 21680 | D:11     | Found a frozen archway.
 21689 | IceCv    | Entered an ice cave
 21996 | IceCv    | Reached skill level 18 in Spellcasting
 21997 | IceCv    | Found the +3 hat of Pondering {ponderous, Will+ MP+10
                  | Int+5}
 22015 | IceCv    | Identified the +6 plate armour of the Eight Boll Weevils
                  | {rN+}
 22016 | IceCv    | Identified the +11 long sword of Bloody Death {antimagic,
                  | Will+ Str+3 Int+5}
 22488 | Lair:4   | Bought the ring of the Tortoise {AC+8} for 2432 gold pieces
 22488 | Lair:4   | Found the ring of the Tortoise {AC+8}
 22715 | Swamp:2  | Identified the -1 pair of gloves of a Labyrinth {Rampage
                  | +Fly Str+6 Dex-5}
 22863 | Swamp:2  | Noticed a thorn hunter
 22869 | Swamp:2  | Killed a thorn hunter
 22909 | Swamp:2  | Reached skill level 10 in Fighting
 23930 | Swamp:3  | Reached skill level 19 in Spellcasting
 23948 | Swamp:3  | Found a runed translucent gate.
 23948 | Swamp:3  | Found a runed translucent gate.
 23948 | Swamp:3  | Found a runed translucent gate.
 23962 | Swamp:3  | Noticed Xujuvoli's ghost (adept MiBe)
 24154 | Swamp:3  | Noticed a thorn hunter
 24168 | Swamp:3  | Killed a thorn hunter
 24169 | Swamp:3  | Reached XP level 16. HP: 30/113 MP: 0/0
 24883 | Swamp:4  | Entered Level 4 of the Swamp
 25192 | Swamp:4  | Noticed a fenstrider witch
 25198 | Swamp:4  | Killed a fenstrider witch
 25346 | Swamp:4  | Reached skill level 20 in Spellcasting
 25356 | Swamp:4  | Noticed the 27-headed Lernaean hydra
 25819 | Swamp:4  | Killed the 27-headed Lernaean hydra
 25987 | Swamp:4  | Got a decaying rune of Zot
 26135 | Spider:1 | Entered Level 1 of the Spider Nest
 26208 | Spider:1 | Noticed Azrael
 26214 | Spider:1 | Killed Azrael
 26501 | Spider:1 | Reached XP level 17. HP: 116/121 MP: 0/0
 26501 | Spider:1 | Learned a level 6 spell: Eringya's Noxious Bog
 27040 | Orc:2    | Bought a ring of protection from cold for 425 gold pieces
 27544 | Spider:2 | You are sucked into a shaft and drop 1 floor!
 27663 | Spider:3 | Identified the +2 leather armour "Gunydwes" {-Cast rCorr
                  | Int+3 SInv}
 27757 | Spider:3 | Killed Kirke
 28053 | Spider:3 | Reached skill level 21 in Spellcasting
 28324 | Spider:4 | Entered Level 4 of the Spider Nest
 29014 | Spider:4 | HP: 5/121 [tarantella (16)]
 29017 | Spider:4 | Slain by a tarantella

Illustrated notes

Levels and vault maps discovered:
D:1:      erik_arrival_blinker_ship, layout_basic, chequers_arboretum,
          chequers_serial_rivers_small_b, nemelex_diamond_rough_becter
D:2:      layout_loops_ring, lemuel_crystal_altar
D:3:      layout_loops_cross, old_standard_altar,
          nicolae_yredelemnul_corpse_copse
D:4:      layout_rooms, marbit_many_paths, uniq_grinder, uniq_crazy_yiuf_cottage
D:5:      minmay_spotlight, layout_basic, nicolae_uskayaw_dance_studio,
          kennysheep_vampire_church, grunt_decor_fettered, nicolae_sextant,
          cheibrodos_gnoll_hut
D:6:      layout_rooms, old_standard_altar, minmay_temple_entry_butterflies,
          gammafunk_ghost_mausoleum, nicolae_gozag_seed_capital
D:7:      minmay_the_grid_triangle_9x9_recursive_2
          [minmay_the_grid_triangle_9x9_prize_insulated,
          minmay_the_grid_triangle_9x9_descending_squares,
          minmay_the_grid_triangle_9x9_wacky_v,
          minmay_the_grid_triangle_9x9_fully_insulated_deathbox],
          layout_loops_cross, nicolae_overflow_hidden_temple, serial_shops,
          kennysheep_mini
D:8:      layout_layer_cave, uniq_maurice, uniq_grum
D:9:      layout_gridville, grunt_temple_overflow_open, orc_0_dummy,
          enter_bailey_8
D:10:     layout_long_grid, lair_entry_dummy, serial_shops, shop_statue,
          minmay_misc_feat_cross, minmay_radiant, uniq_nergalle, uniq_maggie,
          uniq_urug
D:11:     layout_cross, basic_altar, portal_ice_cave_entry_pillars_2,
          uniq_psyche
Temple:   kb_temple_of_zot
Lair:1:   layout_regular_city, gammafunk_ghost_hive, grunt_megastairs_4,
          lemuel_fruit_tree, uniq_joseph
Lair:2:   layout_roguey, serial_forest, infiniplex_forest_lined_2,
          infiniplex_forest_lined_room_3, infiniplex_forest_straight_4,
          infiniplex_forest_straight_2, forest_entry_grove
Lair:3:   layout_chaotic_city, grunt_megastairs_3
Lair:4:   layout_roguey, swamp_mist, spider_nest_entry_webs, gammafunk_ghost_icy
Lair:5:   layout_cave_pods, minmay_slime_entry_pillars, kilobyte_rumbling_trees,
          minmay_lair_oklob_chamber, serial_bayou_shore_a
Lair:6:   grunt_lair_end_beastmaster, layout_loops_ring, st_stairs_6
Swamp:1:  layout_basic_swamp, hangedman_swamp_pad, swamp_pool4,
          nicolae_swamp_small_spring
Swamp:2:  cheibrodos_swamp_heart_of_darkness, layout_basic_swamp,
          evilmike_swamp_ruin_house_5
Swamp:3:  layout_basic_swamp, gammafunk_ghost_necromancy,
          evilmike_swamp_ruin_house_3, st_swamp_ruins_3,
          infiniplex_staircase_pool
Swamp:4:  swamp_old_school, layout_basic_swamp
Spider:1: layout_spider_delve, uniq_azrael
Spider:2: layout_spider_delve
Spider:3: nicolae_spider_mines_1, uniq_kirke
Spider:4: grunt_spider_rune_circles
Orc:1:    layout_diamond_mine, trog_hazing_becter
Orc:2:    pubby_orc_utopia

Skill      XL: |  1  2  3  4  5  6  7  8  9 10 11 12 13 14 15 16 17 |
---------------+----------------------------------------------------+-----
Spellcasting   | 4 5 6 8 10 11 13 14 16 17 19 20 21 | 21.2
Fighting       | 1 2 3 4 5 6 7 8 9 10 11 | 11.3
Short Blades   | 1 2 3 |  3.2
Dodging        | 3 4 5 6 7 |  7.4
Maces & Flails | 2 3 4 |  4.6
Polearms       | 2 3 4 |  4.3
Stealth        | |  1.5

Action                   |  1- 3 |  4- 6 |  7- 9 | 10-12 | 13-15 | 16-18 || total
-------------------------+-------+-------+-------+-------+-------+-------++-------
Melee: Dagger            |    54 |    91 |     9 |       |       |       ||   154
       Flail             |       |       |    68 |    44 |       |       ||   112
       Demon trident     |       |       |       |    34 |   128 |    39 ||   201
 Cast: Freeze            |    30 |       |     2 |     2 |       |       ||    34
       Frozen Ramparts   |     7 |     5 |    20 |     7 |    11 |     1 ||    51
       Hailstorm         |       |     2 |    30 |   117 |   263 |    94 ||   506
       Summon Ice Beast  |       |     2 |    36 |   102 |   274 |   153 ||   567
       Ozocubu's Armour  |       |     1 |       |     1 |       |       ||     2
       Stone Arrow       |       |       |     5 |       |    28 |    39 ||    72
       Lee's Rapid Decon |       |       |       |     2 |   122 |    93 ||   217
       Death Channel     |       |       |       |       |       |     3 ||     3
Invok: Call Merchant     |       |       |       |       |     2 |       ||     2
  Use: Scroll            |       |     3 |     8 |     8 |     9 |     4 ||    32
       Potion            |       |       |       |     1 |     1 |     2 ||     4
 Stab: Sleeping          |     7 |     3 |     1 |       |     3 |       ||    14
       Distracted        |       |       |       |       |     2 |     2 ||     4
Armor: Robe              |     7 |    17 |    33 |    38 |    93 |   127 ||   315
       Skin              |       |       |       |     7 |       |       ||     7
Dodge: Dodged            |    36 |    49 |    66 |    93 |   160 |   160 ||   564
       Repelled          |       |       |       |       |    14 |     4 ||    18

Table legend: (Time is in decaauts)
 A = Elapsed time spent in this place.
 B = Non-inter-level travel time spent in this place.
 C = Inter-level travel time spent in this place.
 D = Time resting spent in this place.
 E = Time spent auto-exploring this place.
 F = Levels seen in this place.
 G = Mean time per level.
                   A        B        C        D        E       F      G
               +--------+--------+--------+--------+--------+-----+--------+
         Total |  29464 |  27443 |   2021 |   1561 |  20419 |  29 | 1016.0 |
       Dungeon |  12596 |  11916 |    680 |   1213 |   8977 |  11 | 1145.1 |
        Temple |     96 |     87 |      9 |      0 |     82 |   1 |   96.0 |
          Lair |   6739 |   6031 |    708 |     67 |   4787 |   6 | 1123.2 |
         Swamp |   4522 |   4230 |    292 |    184 |   3092 |   4 | 1130.5 |
   Spider Nest |   2654 |   2586 |     68 |     39 |   1853 |   4 |  663.5 |
  Orcish Mines |   2360 |   2099 |    261 |     46 |   1299 |   2 | 1180.0 |
      Ice Cave |    494 |    494 |      0 |     12 |    328 |   1 |  494.0 |
               +--------+--------+--------+--------+--------+-----+--------+

Top non-repeatable levels by time:
     D:5: 2191 daAuts
   Orc:2: 2141 daAuts
 Swamp:3: 1385 daAuts
     D:1: 1378 daAuts
     D:2: 1360 daAuts
 Swamp:2: 1293 daAuts
     D:4: 1257 daAuts
  Lair:6: 1240 daAuts
     D:9: 1170 daAuts
  Lair:4: 1167 daAuts
     D:7: 1124 daAuts
 Swamp:4: 1119 daAuts
  Lair:3: 1096 daAuts
  Lair:5: 1088 daAuts
  Lair:1: 1088 daAuts
